AoeStats
← KaLong

Nomad

507919163Analyzed
4v4 RM · 12d ago on Sep 20, 2026· 61m 53s· 8 players
Game mode
Random Map
Map size
231×231
Population
200
Speed
Normal
Resources
Standard
Victory
Conquest
Starting age
Dark Age
Ending age
Imperial Age
RankedLock teamsTeams togetherTeam positionsShared explorationLock speedFull tech treeHidden civsTurbo modeCheats
Victory
Defeat
🇳🇿 Mongols · New Zealand
1521
+16
🇺🇸 Vietnamese · United States
1518
+16
🇹🇼 Malay · Taiwan
1441
+19
🇺🇸 Lithuanians · United States
1432
+19
🇨🇳 Persians · China
1567
-20
🇨🇳 Wu · China
1525
-18
🇨🇳 Spanish · China
1476
-16
🇭🇰 Vietnamese · Hong Kong SAR China
1469
-16
KaLong
3:55 Loom
14:52 Feudal Age
20:51 Castle Age
24:34 Double-Bit Axe
25:51 Bow Saw
29:13 Fishing Lines
31:45 Wheelbarrow
35:44 Gillnets
36:33 Fletching
36:43 Padded Archer Armor
36:43 Elite Skirmisher
37:20 Bodkin Arrow
40:36 Imperial Age
40:40 Leather Archer Armor
41:36 Bracer
42:15 Tower Shields
43:21 Ring Archer Armor
43:20 Hand Cart
44:49 Ballistics
46:03 Chemistry
45:53 Thumb Ring
45:35 Imperial Skirmisher
47:15 Conscription
49:18 Forging
49:08 Scale Mail Armor
48:36 Pikeman
55:11 Bombard Tower
59:19 Treadmill Crane
59:37 Murder Holes
59:53 Masonry
BomBomB0
4:41 Loom
14:18 Feudal Age
14:55 Double-Bit Axe
15:24 Fishing Lines
17:50 Castle Age
16:38 Fletching
18:42 Bodkin Arrow
18:44 Gold Mining
19:19 Medium Warships
20:12 Bow Saw
21:24 Forging
22:09 Wheelbarrow
22:30 Gillnets
22:48 Stone Mining
23:38 Hand Cart
25:48 Iron Casting
27:23 Clinker Construction
26:52 Demolition Ship
28:43 Horse Collar
36:37 Imperial Age
36:16 Husbandry
36:27 Bloodlines
36:23 Scale Barding Armor
39:35 Chain Barding Armor
39:40 Chatras
42:49 Elite Battle Elephant
45:12 Coinage
45:22 Plate Barding Armor
47:38 Banking
52:36 Bracer
52:58 Ballistics
53:38 Chemistry
54:11 Siege Engineers
61:24 Padded Archer Armor
沒起房子我日
12:38 Loom
14:46 Feudal Age
14:45 Town Watch
17:57 Castle Age
17:23 Double-Bit Axe
17:30 Town Watch
17:59 Medium Warships
19:16 Bow Saw
20:00 Horse Collar
21:07 Heavy Plow
21:36 Gold Mining
22:38 Wheelbarrow
24:41 Hand Cart
26:19 Stone Mining
26:20 Fishing Lines
32:07 Imperial Age
30:32 Fletching
34:36 Bodkin Arrow
36:33 Chemistry
36:30 Elite Skirmisher
41:09 Padded Archer Armor
41:10 Bracer
41:18 Imperial Skirmisher
42:18 Leather Archer Armor
43:02 Thumb Ring
43:33 Forging
48:38 Man-at-Arms
49:20 Squires
49:50 Scale Barding Armor
50:20 Iron Casting
50:24 Husbandry
49:45 Elite Battle Elephant
52:17 Gold Shaft Mining
52:19 Stone Shaft Mining
54:36 Ring Archer Armor
57:16 Conscription
62:42 Blast Furnace
PHAT Johnson
4:49 Loom
12:46 Feudal Age
16:27 Castle Age
14:45 Town Watch
14:51 Fletching
16:25 Double-Bit Axe
17:29 Bodkin Arrow
17:46 Gold Mining
19:11 Fishing Lines
22:03 Padded Archer Armor
28:21 Bloodlines
30:34 Ballistics
36:21 Imperial Age
38:59 Chemistry
38:06 Bracer
46:11 Leather Archer Armor
52:29 Bow Saw
52:47 Elite Mangudai
54:56 Conscription
57:13 Wheelbarrow
59:47 Parthian Tactics
59:35 Thumb Ring
大平果是小菜鸡父亲
5:36 Loom
14:02 Feudal Age
16:23 Double-Bit Axe
18:40 Castle Age
16:42 Fishing Lines
17:42 Gold Mining
17:46 Stone Mining
17:39 Horse Collar
17:58 Town Watch
19:40 Bow Saw
20:16 Wheelbarrow
19:57 Gillnets
21:11 Fletching
21:22 Padded Archer Armor
22:11 Hand Cart
21:53 Bodkin Arrow
25:10 Leather Archer Armor
26:27 Heavy Plow
32:47 Imperial Age
32:45 Ballistics
33:05 Stone Shaft Mining
33:36 Bracer
35:44 Ring Archer Armor
36:18 Chemistry
36:47 Paper Money
37:56 Scale Barding Armor
38:03 Forging
41:08 Two-Man Saw
42:31 Elite Rattan Archer
43:53 Crop Rotation
44:33 Husbandry
44:43 Bloodlines
46:21 Chain Barding Armor
46:10 Chatras
46:47 Iron Casting
47:18 Town Patrol
48:42 Thumb Ring
49:32 Plate Barding Armor
49:34 Squires
49:36 Scale Mail Armor
54:08 Elite Fire Lancer
55:04 Chain Mail Armor
58:13 Arson
58:59 Plate Mail Armor
60:26 Light Cavalry
喜足天
4:27 Loom
14:19 Feudal Age
17:55 Castle Age
16:08 Double-Bit Axe
16:46 Gold Mining
18:13 Wheelbarrow
20:50 Padded Archer Armor
30:46 Horse Collar
34:02 Fletching
35:31 Bodkin Arrow
38:56 Leather Archer Armor
42:09 Bow Saw
43:34 Hand Cart
45:54 Stone Mining
47:18 Ballistics
50:07 Bloodlines
59:42 Stone Shaft Mining
中药人
12:40 Feudal Age
14:53 Loom
17:57 Castle Age
16:17 Double-Bit Axe
17:10 Gold Mining
18:39 Medium Warships
18:46 Medium Warships
18:50 Bow Saw
19:19 Town Watch
19:49 Fishing Lines
22:03 Horse Collar
23:41 Wheelbarrow
27:59 Forging
28:03 Clinker Construction
31:38 Husbandry
31:48 Bloodlines
35:04 Imperial Age
32:43 Heavy Plow
33:49 Gold Shaft Mining
33:05 Stone Mining
33:23 Scale Barding Armor
35:07 Chain Barding Armor
37:05 Hand Cart
37:50 Stone Shaft Mining
37:20 Cavalier
39:26 Light Cavalry
41:06 Plate Barding Armor
41:21 Conscription
42:01 Hoardings
42:21 Iron Casting
42:10 Heavy Camel Rider
43:33 Town Patrol
44:38 Pikeman
45:43 Squires
49:28 Two-Man Saw
50:20 Scale Mail Armor
53:53 Blast Furnace
59:18 Fletching
不吃压力
11:45 Loom
14:05 Feudal Age
17:54 Castle Age
19:53 Fletching
28:25 Bodkin Arrow
34:49 Wheelbarrow
40:27 Imperial Age
38:26 Padded Archer Armor
39:12 Horse Collar
41:17 Bracer
44:32 Conscription
44:35 Heavy Plow
44:29 Double-Bit Axe
47:04 Leather Archer Armor
47:57 Elite Fire Archer
51:28 Hand Cart
51:19 Pikeman
52:01 Squires
52:02 Scale Mail Armor
53:36 Chain Mail Armor
55:41 Gold Mining
55:42 Stone Mining
56:05 Bow Saw
57:05 Scale Barding Armor
57:08 Town Watch
58:04 Bloodlines
57:54 Husbandry
58:16 Chain Barding Armor
58:07 Forging
57:53 Light Cavalry
59:50 Plate Barding Armor
Connection lost

Rejoining the realm…

Still unreachable

The connection could not be restored.

Session expired

The server has moved on; the page needs a fresh start.